 Dungeon Crawl Stone Soup version 0.27.1-2-g3b301248ec (webtiles) character file.

Game seed: 129524966471092802

11153 styxcanada the Covert (level 11, -6/53 HPs)
             Began as a Spriggan Brigand on Oct 4, 2021.
             Was an Initiate of Gozag.
             Mangled by a polar bear simulacrum (7 damage)
             ... in an ice cave on Oct 5, 2021.
             The game lasted 00:58:16 (12095 turns).

styxcanada the Covert (Spriggan Brigand)           Turns: 12095, Time: 00:58:17

Health: -6/53      AC: 11    Str:  7    XL:     11   Next: 45%
Magic:  21/22      EV: 23    Int: 15    God:    Gozag
Gold:   847        SH:  7    Dex: 21    Spells: 11/24 levels left

rFire    + . .     SeeInvis +   G - +6 rapier "Qaattit" {protect, Int+3}
rCold    + . .     Faith    .   I - +0 buckler
rNeg     . . .     Spirit   .   b - +0 robe
rPois    .         Reflect  .   (helmet restricted)
rElec    .         Harm     .   c - +1 cloak
rCorr    .         Rampage  .   (gloves unavailable)
Will     +....                  (boots unavailable)
Stlth    ++++++....             j - amulet of regeneration
HPRegen  1.17/turn              H - ring of protection from cold
MPRegen  0.18/turn              s - ring of protection from fire

@: brilliant, under a protective aura, very quick
A: very small, no large weapons, unfitting armour, see invisible, speed 3
a: Renounce Religion, Potion Petition, Call Merchant, Bribe Branch


You were in an ice cave.
You worshipped Gozag.
Gozag was pleased with you.
You visited 3 branches of the dungeon, and saw 12 of its levels.
You also visited: Ice Cave.

You collected 1621 gold pieces.
You spent 712 gold pieces at shops.
You paid 62 gold pieces to Gozag.

Inventory:

Hand Weapons
 a - a +3 dagger
 C - the +5 mace of Compound Interest {freeze, +Rage rPois Int-5}
   (You bought it in a shop on level 7 of the Dungeon)

   It freezes those it strikes, dealing additional cold damage.
   It can also slow down cold-blooded creatures.
   Int:       It affects your intelligence (-5).
   rPois:     It protects you from poison.
   +Rage:     It lets you go berserk.
 G - the +6 rapier "Qaattit" (weapon) {protect, Int+3}
   (You bought it in a shop on level 7 of the Dungeon)

   It grants its wielder temporary protection when it strikes (+7 to AC).
   Int:       It affects your intelligence (+3).
Missiles
 e - 2 curare-tipped darts
 f - 166 stones
 g - 4 datura-tipped darts
 k - 11 poisoned darts (quivered)
Armour
 b - a +0 robe (worn)
 c - a +1 cloak (worn)
 I - a +0 buckler (worn)
Jewellery
 h - a ring of poison resistance
 j - an amulet of regeneration (around neck)
 s - a ring of protection from fire (right hand)
 H - a ring of protection from cold (left hand)
 J - a ring of resist corrosion
Wands
 i - a wand of iceblast (3)
 o - a wand of paralysis (2)
 w - a wand of acid (12)
 y - a wand of flame (10)
 L - a wand of digging (5)
Scrolls
 l - a scroll of fog {unknown}
 q - 5 scrolls of teleportation
 t - a scroll of enchant weapon
 u - a scroll of magic mapping
 x - a scroll of holy word
 A - 3 scrolls of enchant armour
 B - a scroll of blinking
Potions
 d - a potion of flight
 m - 2 potions of curing
 n - a potion of cancellation
 p - a potion of mutation
 z - 3 potions of ambrosia
 D - 2 potions of lignification


   Skills:
 + Level 4.1 Fighting
 + Level 7.7 Short Blades
 + Level 3.9 Throwing
 * Level 8.5 Dodging
 * Level 13.0 Stealth
 * Level 2.5 Shields
 * Level 7.2 Spellcasting
 * Level 6.7 Hexes
 * Level 5.0 Earth Magic
 * Level 7.8 Evocations


You had 11 spell levels left.
You knew the following spells:

 Your Spells              Type           Power      Damage    Failure   Level
a - Sandblast             Erth           60%        2d14      2%          1
b - Cause Fear            Hex            19%        N/A       11%         4
c - Discord               Hex            19%        N/A       100%        8

Your spell library contained the following spells:

 Spells                   Type           Power      Damage    Failure   Level
 Passwall                 Tmut/Erth      15%        N/A       10%         2
 Inner Flame              Hex/Fire       23%        N/A       13%         3
 Beastly Appendage        Tmut           16%        N/A       19%         1
 Static Discharge         Conj/Air       8%         N/A       26%         2
 Wereblood                Tmut           8%         N/A       26%         2
 Spider Form              Tmut/Pois      4%         N/A       47%         3
 Lee's Rapid Deconstruct  Erth           15%        3d11*     52%         5
 Dispel Undead            Necr           8%         3d8       87%         4
 Sticky Flame             Conj/Fire      8%         2d3       87%         4
 Dispersal                Tloc           4%         N/A       100%        6
 Disjunction              Tloc           4%         N/A       100%        8


Dungeon Overview and Level Annotations

Branches:
Dungeon (9/15)             Temple (1/1) D:4            Lair (2/6) D:9
  IceCv (1/1)
  Swamp: Lair:2-4    Shoals: Lair:2-4     Snake: Lair:2-4    Spider: Lair:2-4
    Orc: D:9-12

Altars:
Ashenzari
Cheibriados
Dithmenos
Elyvilon
Fedhas
Gozag
Hepliaklqana
Makhleb
Nemelex Xobeh
Okawaru
Sif Muna
Trog
Uskayaw
Wu Jian
Xom
Yredelemnul
Zin

Shops:
D:7 **

Annotations:
Lair:2 1 runed translucent door IceCv exclusion: 2 ice statues


Innate Abilities, Weirdness & Mutations

You are very small and have problems with some larger weapons.
You are too small for most types of armour.
You have supernaturally acute eyesight. (SInv)
You cover ground extremely quickly. (Speed+++)


Message History

You feel clever all of a sudden. You block the ice devil's attack.
Casting: Sandblast (safe; 2% risk of failure)
Confirm with . or Enter, or press ? or * to list all spells.
You feel a surge of power!
The naga simulacrum is unaffected.
The ice devil is unaffected.
The polar bear simulacrum is unaffected.
You block the polar bear simulacrum's attack.
The polar bear simulacrum claws you but does no damage.
You block the polar bear simulacrum's attack.
The ice devil hits you but does no damage.
Casting: Cause Fear (dangerous; 11% risk of failure)
Confirm with . or Enter, or press ? or * to list all spells.
You don't know that spell.
That's the wrong kind of item! (Use * to select it.) Evoke which item? (* to show all) (? for menu, Esc to quit)
Okay, then.
Aiming: Throw Flame
Press: ? - help, Shift-Dir - straight line, f - polar bear simulacrum
Aim: a polar bear simulacrum (98% to hit)
The puff of flame hits the polar bear simulacrum!
The polar bear simulacrum melts!
The polar bear simulacrum is heavily damaged.
You barely miss the ice devil.
The ice devil is heavily wounded.
You closely miss the ice devil.
The ice devil is heavily wounded.
The ice devil closely misses you.
You hit the ice devil but do no damage.
Your weapon exudes an aura of protection.
The ice devil is heavily wounded.
The ice devil hits you!
* * * LOW HITPOINT WARNING * * *
The ice devil freezes you! You resist.
* * * LOW HITPOINT WARNING * * *
The polar bear simulacrum bites you.
* * * LOW HITPOINT WARNING * * *
The polar bear simulacrum freezes you! You resist.
You die...
Your body crumbles into a pile of gold.

#### ##.... ##......
#....... ####
8.......
##..########.......
##..Z.##.$##........
#..@4Z.$............
#..∩∩.............⌠.
#.......##..........
##....######........
##..## ##.......
#### 8.......
#....... ##......


You could see an ice devil, a polar bear simulacrum and a naga simulacrum.

Vanquished Creatures
  A hydra (Lair:1)
  A two-headed ogre (D:9)
  Pikel (D:7)
  A black mamba (Lair:1)
  A komodo dragon (Lair:1)
  A cane toad (Lair:1)
  3 rime drakes
  10 blink frogs
  A vampire (D:9)
  3 wyverns
  3 basilisks
  6 yaks (Lair:1)
  A steam dragon (D:6)
  3 vampire mosquitoes (D:9)
  3 water moccasins (Lair:1)
  3 ice beasts
  A black bear (D:8)
  A necrophage (D:7)
  2 ogres
  A centaur (D:6)
  A kobold brigand (D:6)
  5 bullfrogs
  2 gnoll sergeants
  3 scorpions
  A wyvern zombie (D:7)
  A water moccasin zombie (D:5)
  5 killer bees (D:9)
  3 wights (D:8)
  2 howler monkeys (D:9)
  3 bullfrog zombies
  A centaur zombie (D:9)
  A centaur skeleton (D:5)
  4 orc priests
  7 hounds
  4 jellies
  2 gnoll shamans
  A bullfrog skeleton (D:7)
  An iguana (D:5)
  5 orc wizards
  2 troll simulacra (IceCv)
  A hound zombie (D:5)
  A hound skeleton (D:4)
  Robin (D:2)
  19 gnolls
  5 adders
  A howler monkey skeleton (D:5)
  2 white imps
  An ufetubus (IceCv)
  A worm (D:2)
  A dart slug (D:2)
  14 orcs
  3 endoplasms
  3 giant cockroaches
  15 goblins
  15 hobgoblins
  6 jackals
  3 quokkas
  2 ball pythons
  2 bats
  8 kobolds
  6 rats
211 creatures vanquished.

Vanquished Creatures (others)
  3 fungi (Lair:2)
  8 plants
11 creatures vanquished.

Grand Total: 222 creatures vanquished

Notes
Turn   | Place    | Note
-------+----------+-------------------------------------------
     0 | D:1      | styxcanada the Spriggan Brigand began the quest for the
                  | Orb.
     0 | D:1      | Reached XP level 1. HP: 10/10 MP: 2/2
    59 | D:1      | Reached skill level 6 in Stealth
   536 | D:1      | Reached XP level 2. HP: 15/15 MP: 3/3
  1132 | D:2      | Noticed Robin
  1372 | D:2      | Learned a level 1 spell: Sandblast
  1431 | D:2      | Reached XP level 3. HP: 15/18 MP: 1/4
  1673 | D:2      | Killed Robin
  1674 | D:2      | Reached skill level 7 in Stealth
  2037 | D:2      | Reached XP level 4. HP: 18/23 MP: 6/6
  2207 | D:2      | Found a faded altar of an unknown god.
  2724 | D:3      | Reached skill level 1 in Spellcasting
  3103 | D:3      | Learned a level 4 spell: Cause Fear
  3123 | D:3      | Found a shadowy altar of Dithmenos.
  3665 | D:4      | Found a staircase to the Ecumenical Temple.
  3674 | D:4      | HP: 1/23 [orc priest (3)]
  3682 | D:4      | Reached XP level 5. HP: 7/26 MP: 6/8
  3721 | Temple   | Entered the Ecumenical Temple
  3756 | Temple   | Became a worshipper of Gozag Ym Sagoz the Greedy
  3758 | Temple   | Reached skill level 1 in Earth Magic
  4004 | D:4      | Reached skill level 1 in Evocations
  4092 | D:4      | Noticed an ogre
  4110 | D:4      | Killed an ogre
  4111 | D:4      | Reached skill level 8 in Stealth
  4111 | D:4      | Reached skill level 1 in Hexes
  4111 | D:4      | Reached XP level 6. HP: 25/30 MP: 6/9
  4558 | D:5      | Entered Level 5 of the Dungeon
  4732 | D:5      | Found a bloodstained altar of Trog.
  4733 | D:5      | Found a hazy altar of Hepliaklqana.
  4734 | D:5      | Found a shimmering blue altar of Sif Muna.
  4767 | D:5      | You fall into a shaft and drop 3 floors!
  4773 | D:8      | Reached XP level 7. HP: 35/35 MP: 11/11
  4839 | D:8      | Found a snail-covered altar of Cheibriados.
  4943 | D:7      | Noticed Pikel
  5046 | D:7      | Killed Pikel
  5047 | D:7      | Reached skill level 9 in Stealth
  5047 | D:7      | Reached XP level 8. HP: 8/39 MP: 11/13
  6264 | D:6      | Found an ornate altar of the Wu Jian Council.
  6294 | D:6      | Reached skill level 10 in Stealth
  6576 | D:6      | Reached skill level 5 in Short Blades
  6580 | D:6      | Found a burning altar of Makhleb.
  6648 | D:6      | Reached skill level 5 in Dodging
  6778 | D:6      | Reached XP level 9. HP: 44/44 MP: 15/15
  6816 | D:6      | Found an iron altar of Okawaru.
  6877 | D:6      | Found a broken altar of Ashenzari.
  6881 | D:6      | Saw a vision of the Swamp and the Snake Pit.
  6881 | D:6      | Noticed a will-o-the-wisp
  6881 | D:6      | Noticed a goliath frog
  6881 | D:6      | Noticed a shock serpent
  6883 | D:6      | Noticed a naga ritualist
  6883 | D:6      | Noticed an anaconda
  7377 | D:7      | Reached skill level 11 in Stealth
  7509 | D:7      | Found Keoziode's General Store.
  7517 | D:7      | Bought a scroll of identify for 28 gold pieces
  7517 | D:7      | Bought a potion of lignification for 42 gold pieces
  7804 | D:7      | Reached skill level 5 in Evocations
  8040 | D:7      | Found Hoosh's Assorted Antiques.
  8057 | D:7      | Bought a smoking mace for 272 gold pieces
  8057 | D:7      | Identified the +5 mace of Compound Interest {freeze, +Rage
                  | rPois Int-5} (You bought it in a shop on level 7 of the
                  | Dungeon)
  8057 | D:7      | Bought a black potion for 30 gold pieces
  8057 | D:7      | Bought an ichor-stained rapier for 306 gold pieces
  8057 | D:7      | Identified the +6 rapier "Qaattit" {protect, Int+3} (You
                  | bought it in a shop on level 7 of the Dungeon)
  8057 | D:7      | Bought a scroll labelled KOPHET ILOGO for 34 gold pieces
  8357 | D:8      | HP: 2/40 [wight (2)]
  9014 | D:9      | Reached skill level 5 in Spellcasting
  9244 | D:9      | Found a sparkling altar of Nemelex Xobeh.
  9414 | D:9      | Found a staircase to the Lair.
  9429 | D:9      | Noticed a two-headed ogre
  9492 | D:9      | Killed a two-headed ogre
  9493 | D:9      | Reached skill level 5 in Hexes
  9493 | D:9      | Reached XP level 10. HP: 23/49 MP: 17/19
  9539 | D:9      | Learned a level 8 spell: Discord
  9548 | D:9      | Reached skill level 1 in Shields
  9823 | D:9      | Reached skill level 12 in Stealth
  9862 | D:9      | Found a glowing silver altar of Zin.
 10372 | Lair:1   | Entered Level 1 of the Lair of Beasts
 10391 | Lair:1   | Noticed a cane toad
 10399 | Lair:1   | Killed a cane toad
 10710 | Lair:1   | Noticed a black mamba
 10717 | Lair:1   | Killed a black mamba
 10809 | Lair:1   | Noticed an eight-headed hydra
 10862 | Lair:1   | Killed an eight-headed hydra
 10863 | Lair:1   | Reached XP level 11. HP: 53/53 MP: 14/21
 11475 | Lair:2   | Found a frozen archway.
 11706 | Lair:2   | Reached skill level 13 in Stealth
 11902 | Lair:2   | Noticed a six-headed hydra
 11919 | Lair:2   | Reached skill level 5 in Earth Magic
 11934 | Lair:2   | Found a runed translucent door.
 11939 | IceCv    | Entered an ice cave
 12095 | IceCv    | HP: 1/53 [polar bear simulacrum (2)]
 12095 | IceCv    | Mangled by a polar bear simulacrum

Illustrated notes

Levels and vault maps discovered:
D:1:      dpeg_arrival_long_road, layout_basic
D:2:      layout_basic, hellmonk_ecumenical_altar_zigzags, uniq_robin
D:3:      layout_basic, nicolae_dithmenos_the_darkroom
D:4:      layout_rooms, minmay_temple_entry_proselytizer
D:5:      layout_basic, minitemple
D:6:      layout_basic, mainiacjoe_overflow_big_doors, grunt_ashenzari_visionary
          [grunt_ashenzari_visionary_swamp, grunt_ashenzari_visionary_snake],
          nicolae_wu_jian_wuxing_cycle
D:7:      layout_loops_ring, serial_shops, nicolae_shop_trees, shop, uniq_pikel
D:8:      layout_cave_pools, lemuel_doored_altar
D:9:      layout_layer_cave, mainiacjoe_overflow_tiny_flanked,
          nemelex_xobeh_ov_fountains_minmay, david_lair_generic,
          nzn_life_drinkers
Temple:   dpeg_chambers_temple
Lair:1:   layout_hall_layers, lemuel_fruit_fields
Lair:2:   layout_roguey, ebering_ghost_reflecting_pool, portal_ice_cave_rime,
          grunt_megastairs_3, infiniplex_staircase_pool_2
IceCv:    ice_cave_tombish

Skill      XL: |  1  2  3  4  5  6  7  8  9 10 11 |
---------------+----------------------------------+-----
Stealth        | 6 7 8 9 10 11 12 13 | 13.0
Dodging        | 2 3 4 5 6 8 |  8.5
Spellcasting   | 1 2 3 5 6 7 |  7.2
Fighting       | 2 3 4 |  4.1
Short Blades   | 3 4 5 6 7 |  7.7
Earth Magic    | 1 2 3 4 5 |  5.0
Evocations     | 1 2 3 4 5 7 |  7.8
Hexes          | 1 2 3 5 6 |  6.7
Throwing       | 3 |  3.9
Shields        | 2 |  2.5

Action                   |  1- 3 |  4- 6 |  7- 9 | 10-12 || total
-------------------------+-------+-------+-------+-------++-------
Melee: Dagger            |   119 |    18 |       |       ||   137
       Short sword       |       |   117 |   195 |       ||   312
       Rapier            |       |       |   100 |   223 ||   323
Throw: Dart              |    24 |    27 |    27 |    23 ||   101
       Stone             |       |     2 |       |       ||     2
 Cast: Sandblast         |     4 |     9 |    20 |    17 ||    50
       Cause Fear        |       |       |       |     1 ||     1
Evoke: Wand              |       |     1 |    20 |     9 ||    30
  Use: Scroll            |     5 |     7 |     5 |     3 ||    20
       Potion            |       |     1 |     4 |     1 ||     6
 Stab: Sleeping          |     3 |    14 |    17 |    12 ||    46
       Distracted        |     1 |     1 |     2 |     3 ||     7
       Paralysed         |       |       |     2 |       ||     2
Armor: Robe              |    22 |    12 |    20 |    32 ||    86
Dodge: Dodged            |    81 |    66 |   192 |   202 ||   541
Block: Buckler           |       |       |     9 |    73 ||    82
